 Dungeon Crawl Stone Soup version 0.30-a0-414-gcb316572d5 (webtiles) character file.

Game seed: 15776927911351989631

1564 cforsyth the Cleaver (level 8, -6/78 HPs)
             Began as a Hill Orc Monk on Dec 7, 2022.
             Was a Priest of Beogh.
             Mangled by an ogre
             ... wielding a +0 giant club
              (15 damage)
             ... on level 6 of the Dungeon.
             The game lasted 00:14:46 (4793 turns).

cforsyth the Cleaver (Hill Orc Monk)                Turns: 4793, Time: 00:14:47

Health: -6/78      AC:  9    Str: 14    XL:     8   Next: 89%
Magic:  8/8        EV:  7    Int: 12    God:    Beogh [***...]
Gold:   339        SH:  0    Dex: 13    Spells: 7/7 levels left

rFire   . . .      SeeInvis .    b - +6 sling of the Endless March {freeze, Will+}
rCold   . . .      Faith    .    (no shield)
rNeg    . . .      Spirit   .    y - +0 chain mail
rPois   .          Reflect  .    (no helmet)
rElec   .          Harm     .    (no cloak)
rCorr   .          Rampage  .    (no gloves)
Will    +....                    (no boots)
Stlth   ..........               (no amulet)
HPRegen 0.33/turn                (no ring)
MPRegen 0.11/turn                (no ring)

@: marked
A: no striking features
a: Renounce Religion, Smiting


You were on level 6 of the Dungeon.
You worshipped Beogh.
Beogh was most pleased with you.
You visited 1 branch of the dungeon, and saw 6 of its levels.
You also visited: Sewer.

You collected 339 gold pieces.

Inventory:

Hand Weapons
 a - a +0 war axe
 b - the +6 sling of the Endless March (weapon) {freeze, Will+}
   (You found it on level 2 of the Dungeon)

   Any ammunition fired from it freezes those it strikes, dealing additional
   cold damage.
   It can also slow down cold-blooded creatures.
   Will:      It increases your willpower.
Armour
 w - a +0 ring mail
 y - a +0 chain mail (worn)
Jewellery
 k - a ring of magical power
Wands
 A - a wand of iceblast (2)
 B - a wand of mindburst (5)
Scrolls
 d - 2 scrolls of enchant armour
 g - a scroll of summoning {unknown}
 i - a scroll of noise {unknown}
 m - a scroll of immolation {unknown}
 s - 2 scrolls of teleportation
 t - a scroll of vulnerability {unknown}
 C - a scroll of torment
Potions
 c - a potion of ambrosia
 f - a potion of berserk rage {unknown}
 h - 3 potions of degeneration {unknown}
 j - 2 potions of lignification {unknown}
 l - 3 potions of heal wounds
 n - a potion of brilliance {unknown}
 o - 2 potions of haste
 p - a potion of cancellation {unknown}
 q - 3 potions of flight {unknown}
 r - a potion of experience {unknown}
 u - a potion of magic {unknown}
 v - a potion of might {unknown}
 x - 4 potions of curing {unknown}
 z - a potion of resistance {unknown}
 D - a potion of attraction {unknown}


   Skills:
 + Level 9.2 Fighting
 + Level 10.0 Axes
 + Level 4.5 Armour
 - Level 2.4 Dodging
 - Level 1.5 Stealth


You had 7 spell levels left.
You didn't know any spells.
Your spell library contained the following spells:

 Spells                   Type           Power      Damage    Failure   Level
 Gell's Gravitas          Tloc           0%         N/A       100%        3
 Lesser Beckoning         Tloc           0%         N/A       100%        3
 Ozocubu's Armour         Ice            0%         N/A       100%        3
 Teleport Other           Tloc           0%         N/A       100%        3
 Tukima's Dance           Hex            0%         N/A       100%        3
 Passage of Golubria      Tloc           0%         N/A       100%        4
 Fireball                 Conj/Fire      0%         3d3       100%        5
 Iskenderun's Battlesphe  Conj           0%         2d6       100%        5
 Summon Forest            Summ/Tloc      0%         N/A       100%        5
 Summon Mana Viper        Hex/Summ       0%         N/A       100%        5
 Yara's Violent Unravell  Hex/Tmut       0%         3d3       100%        5
 Conjure Ball Lightning   Conj/Air       0%         3x3d6     100%        6
 Summon Cactus Giant      Summ           0%         N/A       100%        6
 Orb of Destruction       Conj           0%         9d5       100%        7
 Ozocubu's Refrigeration  Ice            0%         4d7       100%        7


Dungeon Overview and Level Annotations

Branches:
Dungeon (6/15)             Temple (0/1) D:5           Sewer (visited)

Altars:
Hepliaklqana
Kikubaaqudgha
Makhleb
Trog
Uskayaw
Wu Jian
The Shining One

Shops:
D:1 *   D:6 [


Message History

The ufetubus closely misses you. x2; The phantom hits you.
The iguana bites your orc but does no damage.
Your orc wizard hits the ufetubus with a +0 dagger.
The ufetubus closely misses you. The ufetubus hits you.
Unknown command.
Unknown command.
Unknown command.
Fire: b) +6 sling of the Endless March {freeze, Will+}
Press: ? - help, Shift-Dir - straight line, f/p - ufetubus
Aim: an ufetubus (heavily wounded, 51% to hit)
You shoot a sling bullet. The sling bullet hits the ufetubus.
You kill the ufetubus!
Beogh accepts your kill. The ogre barely misses you.
The iguana bites your orc but does no damage.
The phantom hits you but does no damage.
Your orc hits the iguana with a +0 war axe!
The ogre completely misses you.
Your orc closely misses the iguana.
The iguana bites your orc.
Your orc dies!
The phantom hits you but does no damage.
Unknown command.
Unknown command.
Fire: b) +6 sling of the Endless March {freeze, Will+}
Press: ? - help, Shift-Dir - straight line, f - phantom
Aim: a phantom (almost destroyed, ally target, 57% to hit)
You shoot a sling bullet.
The sling bullet hits the phantom but does no damage.
The phantom is almost destroyed.
The phantom hits you but does no damage.
Your orc wizard hits the phantom but does no damage.
The ogre hits you with a +0 giant club!!
* * * LOW HITPOINT WARNING * * *
The phantom hits you but does no damage.
Unknown command.
Unknown command.
Unknown command.
Unknown command.
The ogre attacks as you move away! The ogre hits you with a +0 giant club!
You die...

#### #:# # #.#
#.# ... ... ._.
#.# ... # #.#
#.# #.#O# ..# #
#.W@####.####.#
###o.l).......#
######.#.#
########...#
........o#.# #
...
########.#.# #
#.##.# #.#.# #
#.##.# #...# #
#.##.# #...#


You could see an ogre, a phantom (distracted, ally target), an iguana and a
friendly orc wizard (invisible).

Vanquished Creatures
  Prince Ribbit (D:6)
  A steam dragon (D:6)
  A water moccasin (D:5)
  Pargi (Sewer)
  3 ogres (D:5)
  A centaur (D:6)
  A phantom (D:4)
  A bullfrog (D:6)
  A necrophage (D:4)
  2 hounds (D:5)
  2 orc priests (D:5)
  3 iguanas
  An orc wizard (D:4)
  3 gnolls
  10 adders
  2 white imps (D:5)
  2 ufetubi
  2 worms
  4 dart slugs
  12 orcs
  7 endoplasms
  4 giant cockroaches
  3 goblins
  6 hobgoblins
  6 jackals (D:4)
  4 quokkas
  8 ball pythons
  9 bats
  6 frilled lizards
  4 kobolds
  8 rats
119 creatures vanquished.

Vanquished Creatures (collateral kills)
  A water moccasin (D:5)
  An adder (D:6)
2 creatures vanquished.

Vanquished Creatures (others)
  A human (D:4)
  An orc priest (D:4)
  An orc (D:6)
3 creatures vanquished.

Grand Total: 124 creatures vanquished

Notes
Turn   | Place    | Note
-------+----------+-------------------------------------------
     0 | D:1      | cforsyth the Hill Orc Monk began the quest for the Orb.
     0 | D:1      | Reached XP level 1. HP: 19/19 MP: 1/1
   131 | D:1      | Reached XP level 2. HP: 20/27 MP: 2/2
   258 | D:1      | Found Izerrit's General Store.
   750 | D:2      | Reached XP level 3. HP: 23/34 MP: 3/3
   911 | D:2      | Reached skill level 5 in Axes
   978 | D:2      | Identified the +6 sling of the Endless March {freeze,
                  | Will+}
  1353 | D:3      | Found an ornate altar of the Wu Jian Council.
  1486 | D:3      | Reached XP level 4. HP: 41/41 MP: 4/4
  1510 | D:3      | Found a glowing drain.
  1518 | D:3      | Reached skill level 5 in Fighting
  1531 | Sewer    | Entered a sewer
  1619 | Sewer    | Noticed Pargi
  1625 | Sewer    | Killed Pargi
  1626 | Sewer    | Reached skill level 6 in Axes
  1626 | Sewer    | Reached XP level 5. HP: 38/50 MP: 5/5
  1834 | D:3      | Found a hazy altar of Hepliaklqana.
  1893 | D:3      | Found a glowing golden altar of the Shining One.
  1895 | D:3      | Found a bloodstained altar of Trog.
  2120 | D:4      | Became a worshipper of Beogh the Brigand
  2120 | D:4      | Reached * piety under Beogh
  2120 | D:4      | Reached ** piety under Beogh
  2121 | D:4      | Noticed a phantom
  2440 | D:3      | Reached XP level 6. HP: 20/57 MP: 6/6
  2613 | D:4      | Reached skill level 7 in Axes
  2946 | D:4      | Found an ancient bone altar of Kikubaaqudgha.
  2955 | D:4      | Noticed a human
  2957 | D:4      | Killed a human
  3045 | D:4      | Found a hide-covered altar of Uskayaw.
  3104 | D:4      | Reached XP level 7. HP: 64/66 MP: 7/7
  3161 | D:5      | Entered Level 5 of the Dungeon
  3233 | D:5      | Reached skill level 8 in Axes
  3319 | D:5      | Found a staircase to the Ecumenical Temple.
  3413 | D:5      | Reached *** piety under Beogh
  3471 | D:5      | Reached skill level 1 in Armour
  3722 | D:5      | Reached XP level 8. HP: 74/74 MP: 8/8
  3809 | D:5      | Reached skill level 9 in Axes
  3916 | D:5      | You fall into a shaft and drop 1 floor!
  4608 | D:6      | Found Pegud's Armour Shop.
  4630 | D:6      | Noticed Prince Ribbit
  4637 | D:6      | Killed Prince Ribbit
  4678 | D:6      | Reached skill level 10 in Axes
  4782 | D:6      | Found a burning altar of Makhleb.
  4793 | D:6      | Mangled by an ogre

Illustrated notes

Levels and vault maps discovered:
D:1:      dpeg_arrival_pits, layout_basic, serial_shops, shop,
          chequers_serial_rivers_small_3, skrybe_limestone_x
D:2:      layout_basic
D:3:      layout_basic, chequers_temple_overflow_statue_of_worship,
          mainiacjoe_overflow_brackets, nzn_wu_jian_council_hall,
          portal_sewer_entry_a
D:4:      layout_rooms, kennysheep_mini_moat, tgw_kikubaaqudgha
D:5:      layout_basic, minmay_temple_entry_ruins, nrook_mini_backslash,
          hangedman_decor_points
D:6:      layout_loops_ring, nicolae_overflow_crystal_walls,
          chequers_serial_rivers_small_3, nicolae_take_the_stairs,
          uniq_prince_ribbit1

Skill      XL: |  1  2  3  4  5  6  7  8 |
---------------+-------------------------+-----
Fighting       | 4 5 6 7 8 9 |  9.2
Axes           | 5 6 7 8 10 | 10.0
Armour         | 2 4 |  4.5
Dodging        | |  2.4
Stealth        | |  1.5

Action                   |  1- 3 |  4- 6 |  7- 9 || total
-------------------------+-------+-------+-------++-------
Melee: Hand axe          |    87 |       |       ||    87
 Fire: Sling             |    17 |   126 |   108 ||   251
Invok: Convert to Beogh  |       |     1 |       ||     1
  Use: Scroll            |       |       |     4 ||     4
 Stab: Sleeping          |     2 |       |       ||     2
Armor: Robe              |    18 |     5 |       ||    23
       Ring mail         |       |    10 |    10 ||    20
       Chain mail        |       |       |    19 ||    19
Dodge: Dodged            |    82 |    63 |    51 ||   196

Table legend: (Time is in decaauts)
 A = Elapsed time spent in this place.
 B = Non-inter-level travel time spent in this place.
 C = Inter-level travel time spent in this place.
 D = Time resting spent in this place.
 E = Time spent auto-exploring this place.
 F = Levels seen in this place.
 G = Mean time per level.
                   A        B        C        D        E       F      G
               +--------+--------+--------+--------+--------+-----+--------+
         Total |   4930 |   4773 |    157 |    344 |   3345 |   7 |  704.3 |
       Dungeon |   4745 |   4588 |    157 |    281 |   3256 |   6 |  790.8 |
         Sewer |    184 |    184 |      0 |     63 |     89 |   1 |  184.0 |
               +--------+--------+--------+--------+--------+-----+--------+

Top non-repeatable levels by time:
     D:5: 1219 daAuts
     D:3: 992 daAuts
     D:4: 728 daAuts
     D:1: 688 daAuts
     D:2: 646 daAuts
     D:6: 470 daAuts
   Sewer: 184 daAuts
